 Dungeon Crawl Stone Soup version 0.30.1 (webtiles) character file.

Game seed: 10838432615984518881

349802 xSliceyx the Slayer (level 23, -2/184 HPs)
             Began as a Djinni Conjurer on July 5, 2023.
             Was the Champion of Makhleb.
             Slain by a vault warden
             ... wielding a +0 war axe
              (46 damage)
             ... on level 3 of the Vaults on July 11, 2023.
             The game lasted 04:09:25 (42161 turns).

xSliceyx the Slayer (Djinni Conjurer)              Turns: 42161, Time: 04:09:25

Health: -2/184     AC: 16    Str:  6    XL:     23   Next: 21%
Gold:   2907       EV: 19    Int: 27    God:    Makhleb [******] SH: 10 Dex: 17

rFire   + + +        N - staff of fire "Geplesk" {Fragile rF+ rC+++ rCorr Int-2}
rCold   + + +        K - +3 buckler {reflect}
rNeg    . . .        J - +4 troll leather armour
rPois   ∞            H - +2 helmet {SInv}
rElec   .            g - scarf {repulsion}
rCorr   +            w - +2 pair of gloves of the Equinox {Regen+}
SInv    +            (boots unavailable)
Will    +++..        b - amulet of Irrepressible Laughter {Regen+ rCorr Stlth+}
Stlth   +++          n - ring "Wodwoap" {Wiz rPois rF+ Will+ Dex+3}
HPRegen 2.90/turn    E - ring of protection from cold
MPRegen 0.00/turn

%: repel missiles, reflection, wizardry (x1), infuse magic (-3 HP)
@: flying, studying 2 skills
A: sickness immunity, fire resistance 2, cold vulnerability 1, float, innate
caster, HP casting, extra vitality 1
}: 2/15 runes: decaying, gossamer
a: Renounce Religion, Minor Destruction, Lesser Servant of Makhleb, Major
Destruction, Greater Servant of Makhleb


You were on level 3 of the Vaults.
You worshipped Makhleb.
Makhleb was exalted by your worship.
You visited 8 branches of the dungeon, and saw 37 of its levels.
You also visited: Trove and Ice Cave.

You collected 6304 gold pieces.
You spent 3397 gold pieces at shops.

Inventory:

Hand Weapons
 u - the +0 short sword "Abbuphunea" {speed, Contam rC++ Int+4}
   (You bought it in a shop on level 2 of the Orcish Mines)

   Int:       It affects your intelligence (+4).
   rC:        It greatly protects you from cold.
   Contam:    It causes magical contamination when unequipped.
Missiles
 L - 14 curare-tipped darts
 P - 2 silver javelins
Armour
 g - a scarf of repulsion (worn)
 h - the +1 pair of gloves of Kuwnurukki {rElec Will- Int+5}
   (You found it on level 1 of the Elven Halls)

   Int:       It affects your intelligence (+5).
   rElec:     It insulates you from electricity.
   Will:      It decreases your willpower.
 w - the +2 pair of gloves of the Equinox (worn) {Regen+}
   (You found it on level 10 of the Dungeon)

   Regen:     It increases your rate of health regeneration.
 H - a +2 helmet of see invisible (worn)
 J - a +4 troll leather armour (worn)
 K - a +3 buckler of reflection (worn)
Magical Staves
 N - the staff of fire "Geplesk" (weapon) {Fragile rF+ rC+++ rCorr Int-2}
   (You found it on level 3 of the Elven Halls)

   [staff of fire]

   Your inability to study Fire Magic prevents you from drawing on the full
   power of this staff in melee.
   Base accuracy: +5 Base damage: 5 Base attack delay: 1.2 This weapon's minimum
   attack delay (0.6) is reached at skill level 12.
   Int:       It affects your intelligence (-2).
   rF:        It protects you from fire.
   rC:        It renders you almost immune to cold.
   rCorr:     It protects you from acid and corrosion.
   Fragile:   It will be destroyed if unequipped.
   It falls into the 'Staves' category.
   It is a one-handed weapon.
Jewellery
 b - the amulet of Irrepressible Laughter (around neck) {Regen+ rCorr Stlth+}
   (You bought it in a shop on level 2 of the Orcish Mines)

   [amulet of regeneration]

   Regen:     It increases your rate of health regeneration.
   rCorr:     It protects you from acid and corrosion.
   Stlth:     It makes you more stealthy.
 d - a ring of positive energy
 n - the ring "Wodwoap" (left hand) {Wiz rPois rF+ Will+ Dex+3}
   (You bought it in a shop on level 2 of the Orcish Mines)

   [ring of wizardry]

   It improves your spell success rate.
   Dex:       It affects your dexterity (+3).
   rF:        It protects you from fire.
   rPois:     It protects you from poison.
   Will:      It increases your willpower.
 v - a +6 ring of intelligence
 B - a +4 ring of protection
 E - a ring of protection from cold (right hand)
 R - a +6 ring of dexterity
 S - the amulet "Gimep" {Spirit rN+}
   (You took it off a deep elf knight on level 3 of the Elven Halls)

   [amulet of guardian spirit]

   It causes incoming damage to be divided between your reserves of health and
   magic.
   rN:        It protects you from negative energy.
 V - the ring "Lam Pod" {Wiz Dex+4}
   (You took it off a deep elf master archer on level 3 of the Elven Halls)

   [ring of wizardry]

   It improves your spell success rate.
   Dex:       It affects your dexterity (+4).
 W - the brooch of Shielding {Spirit SH+8}
   (You took it off a deep elf high priest on level 3 of the Elven Halls)

   [amulet of guardian spirit]

   It causes incoming damage to be divided between your reserves of health and
   magic.
   SH:        It affects your SH (+8).
Wands
 f - a wand of roots (45)
 q - a wand of polymorph (1)
 I - a wand of mindburst (10)
 O - a wand of charming (3)
 Q - a wand of digging (32)
 T - a wand of acid (13)
 X - a wand of flame (44)
Scrolls
 k - 2 scrolls of fear
 l - 14 scrolls of identify
 o - 2 scrolls of butterflies
 s - a scroll of silence {unknown}
 y - 2 scrolls of blinking
 z - 11 scrolls of magic mapping
 A - 3 scrolls of teleportation
 D - 2 scrolls of enchant weapon
 F - 3 scrolls of fog
 G - 5 scrolls of immolation
 U - a scroll of enchant armour
Potions
 a - 11 potions of mutation
 e - 3 potions of attraction
 i - 13 potions of ambrosia
 j - 2 potions of resistance
 m - 9 potions of cancellation
 p - 13 potions of might
 r - 6 potions of brilliance
 t - 7 potions of lignification
 x - 6 potions of haste
 C - 10 potions of curing
 M - 6 potions of heal wounds
Miscellaneous
 c - a box of beasts
 Y - a phial of floods


   Skills:
 - Level 21.4 Fighting
 - Level 10.1 Armour
 - Level 14.1 Dodging
 - Level 1.5 Stealth
 - Level 11.6 Shields
 + Level 21.1 Spellcasting


You knew the following spells:

 Your Spells              Type           Power      Damage    Failure   Level
a - Magic Dart            Conj           100%       1d8       0%          1
b - Searing Ray           Conj           100%       2d8       0%          2
c - Dazzling Flash        Conj/Hex       100%       N/A       0%          3
d - Fulminant Prism       Conj/Hex       48%        3d20      0%          4
e - Iskenderun's Mystic   Conj/Tloc      97%        2d19      0%          4
f - Foxfire               Conj/Fire      100%       2x1d9     0%          1
g - Scorch                Fire           100%       2d9       0%          2
h - Wereblood             Tmut           97%        N/A       0%          2
i - Cause Fear            Hex            48%        N/A       0%          4
j - Summon Ice Beast      Ice/Summ       97%        N/A       0%          4
k - Arcjolt               Conj/Air       48%        1d58      0%          5
l - Simulacrum            Ice/Necr       48%        N/A       1%          6
m - Eringya's Noxious Bo  Tmut/Pois      48%        N/A       1%          6
n - Haunt                 Necr/Summ      48%        N/A       1%          7
o - Summon Hydra          Summ           48%        N/A       1%          7
p - Storm Form            Tmut/Air       48%        N/A       1%          7
Your spell library was empty.

Dungeon Overview and Level Annotations

Branches:
Dungeon (15/15)            Temple (1/1) D:4            Lair (5/5) D:11
  Swamp (4/4) Lair:3       Spider (4/4) Lair:2        Slime (0/5) Lair:4
    Orc (2/2) D:12            Elf (3/3) Orc:2        Vaults (3/5) D:14
  Crypt (0/3) Vaults:2     Depths (0/4) D:15          IceCv (visited)

Altars:
Ashenzari
Cheibriados
Dithmenos
Elyvilon
Fedhas
Gozag
Hepliaklqana
Makhleb
Nemelex Xobeh
Okawaru
Qazlal
Ru
Trog
Uskayaw
Wu Jian
Xom
Yredelemnul
Zin
The Shining One
Lugonu

Shops:
D:4 *   D:12 [   D:15 *   Orc:2 =*?(=   Elf:1 *!   Elf:3 (   Vaults:2 :

Portals:
Abyss: D:8

Annotations:
D:13 3 runed translucent doors, jtron's ghost, journeyman DsWn
Vaults:1 2 runed translucent doors, TuffENuff's ghost, veteran FoFi


Innate Abilities, Weirdness & Mutations

You are immune to sickness and miasma.
You are immune to poison.
Your flesh is very heat resistant. (rF++)
You are vulnerable to cold. (rC-)
You float through the air rather than walking.
You learn spells naturally, not from books.
Your magical power is your life essence.
You have superior vitality. (+4 MHP)


Message History

The ironbound preserver is lightly wounded.
The vault guard is struck by an electric surge!!!
The vault guard is moderately wounded.
The vault warden is struck by an electric surge!
The vault warden is lightly wounded.
The ironbound convoker points at the vault warden and mumbles some strange words.
The vault warden seems to grow stronger.
You block the ironbound preserver's attack.
The vault guard misses you.
The vault warden hits you with a +0 war axe!!!
Unknown command.
Unknown command.
Unknown command.
Unknown command.
The vault guard attacks as you move away!
The vault guard hits you with a +3 great mace!
The vault warden attacks as you move away!
The vault warden misses you.
Electricity crackles from the ironbound thunderhulk's apparatus.
The bolt of lightning hits you!!!
* * * LOW HITPOINT WARNING * * *
You feel much better.
Electricity crackles from the ironbound thunderhulk's apparatus.
The bolt of lightning hits you!!
* * * LOW HITPOINT WARNING * * *
Unknown command.
Read: 3 scrolls of fear
Press: ? - help, Q - select action, (/) - cycle Dir - look around, f - activate Look: an ironbound preserver, wielding a +0 great mace and wearing a +0 ring mail (moderately wounded, chance to affect: 90%)
As you read the scroll of fear, it crumbles to dust.
You assume a fearsome visage.
The ironbound convoker looks frightened!
The ironbound preserver looks frightened!
The ironbound thunderhulk looks frightened!
The vault guard looks frightened!
Strange energies crackle from the ironbound thunderhulk's apparatus.
The ironbound thunderhulk blinks!
The vault warden attacks as you move away!
The vault warden hits you with a +0 war axe!!!
You die...

#.................
####'############'
######......#
#......
#..O.#......#
#......
+....+......#
#......
#p.§.#......#
#......
#p..#......#
#......
##p##......#
#......
+p.@'......#
#......
+...#......#
#......
##+##......#
#...... #......#
#######
#......###(#.#.#
+......##|...)..
##########.#.#.#
#####.# ##.#.#.#


You could see an ironbound preserver (fleeing), a vault warden (strong,
sheltered), an ironbound thunderhulk (sheltered, fleeing), a vault guard
(sheltered, fleeing) and an ironbound convoker (sheltered, fleeing).

Vanquished Creatures
  Sojobo (Vaults:3)
  Bai Suzhen (Spider:3)
  the Lernaean hydra (Swamp:4)
  Xtahua (Vaults:3)
  Arachne (Spider:2)
  Jorgrun (Orc:2)
  Rupert (Lair:4)
  Asterion (Spider:1)
  3 deep elf blademasters
  2 deep elf master archers (Elf:3)
  4 sphinxes
  A thorn hunter (Swamp:4)
  2 tengu reavers (Vaults:3)
  Agnes (Elf:2)
  Roxanne (Spider:1)
  2 azure jellies (IceCv)
  2 fenstrider witches
  3 emperor scorpions
  Aizul (Spider:4)
  4 deep elf sorcerers
  2 ghost moths
  A curse skull (Vaults:2)
  6 vault wardens
  11 ironbound preservers
  2 orc warlords
  5 deep elf elementalists (Elf:3)
  2 ghouls (Swamp:2)
  7 very ugly things
  A war gargoyle (Vaults:2)
  2 ironbound thunderhulks
  Nessos (Lair:4)
  2 vampire knights (Vaults:2)
  2 stone giants
  4 deep elf demonologists
  6 broodmothers
  5 deep elf annihilators (Elf:3)
  A dire elephant (Vaults:1)
  4 eleionomae
  3 bunyips
  A spark wasp (Spider:2)
  8 yaktaur captains
  An ettin (Vaults:2)
  2 deep elf death magi (Elf:3)
  2 crystal guardians (Vaults:2)
  Snorg (Orc:2)
  Josephine (Lair:3)
  A fire dragon (D:14)
  A shambling mangrove (Swamp:3)
  4 deep elf high priests
  2 vault guards (Vaults:1)
  5 entropy weavers
  An ogre mage (D:15)
  4 great orbs of eyes
  2 spriggan air magi (Swamp:4)
  21 hydras
  9 centaur warriors
  4 ghost crabs
  A rakshasa (D:15)
  4 jorogumos
  4 radroaches
  2 catoblepae (D:10)
  Erica (Orc:1)
  9 alligators
  3 peacekeepers
  6 two-headed ogres
  27 dancing weapons
  A death knight (D:10)
  8 boulder beetles
  5 ironbound frosthearts
  10 death yaks (Lair:5)
  A vampire mage (Vaults:2)
  Nergalle (Lair:3)
  A spriggan berserker (Swamp:4)
  7 deep elf knights
  A hell knight (Vaults:2)
  2 sun moths
  Amaemon (Lair:3)
  A skyshark (Lair:4)
  A death drake (shapeshifter) (D:15)
  7 pharaoh ants
  A goliath frog (Swamp:4)
  A fire crab (shapeshifter) (D:14)
  37 deep trolls
  8 orb spiders
  3 spriggan druids
  A skeletal warrior (D:10)
  A phantasmal warrior (Vaults:1)
  6 deep elf archers
  6 bog bodies
  26 deep elf pyromancers
  2 glowing orange brains
  The ghost of mkat the Sneak, a novice AtHu (D:7)
  14 swamp dragons
  A necromancer (Vaults:3)
  10 wizards
  26 deep elf zephyrmancers
  4 orc knights
  4 steelbarb worms
  11 ironbound convokers
  8 orc sorcerers
  5 lindwurms (Vaults:1)
  An oklob plant (Lair:2)
  A tengu skeleton (Vaults:3)
  A harpy (D:10)
  41 ugly things
  4 manticores
  21 wolf spiders
  3 will-o-the-wisps
  4 cyclopes
  Maurice (Orc:1)
  5 moths of wrath
  An elephant (shapeshifter) (D:10)
  5 elephants (Lair:5)
  7 black mambas
  An orange demon (Lair:3)
  7 demonic crawlers
  2 ice statues (IceCv)
  5 molten gargoyles (D:14)
  11 vault sentinels
  An unseen horror (D:11)
  6 torpor snails
  6 cane toads
  4 gargoyles
  A cane toad (shapeshifter) (D:14)
  5 rime drakes
  A freezing wraith (D:15)
  3 kobold demonologists
  An efreet (D:13)
  9 komodo dragons
  11 yaktaurs
  12 trolls
  6 meliai
  A polar bear (shapeshifter) (D:15)
  13 polar bears
  3 raiju (Lair:5)
  A bloated husk (Swamp:3)
  A meliai (shapeshifter) (D:14)
  9 tyrant leeches
  22 hornets
  5 dream sheep (Lair:4)
  Grinder (D:3)
  33 tarantellas
  3 blink frogs (Lair:5)
  A stone giant simulacrum (Vaults:3)
  27 jumping spiders
  43 slime creatures
  A shadow (D:11)
  An air elemental (Elf:2)
  17 culicivoras
  4 water elementals
  2 wyverns (Lair:5)
  6 wraiths
  A vampire (D:10)
  An elf zombie (Vaults:3)
  17 spriggans
  A golden eye (shapeshifter) (Elf:1)
  4 basilisks
  Eustachio (D:4)
  A fire bat (shapeshifter) (Elf:1)
  41 redbacks
  4 steam dragons
  54 yaks
  19 vampire mosquitoes
  17 wargs
  A glowing shapeshifter zombie (Vaults:3)
  12 hell hounds (Lair:5)
  12 swamp worms
  An acid dragon (D:12)
  16 water moccasins
  An ice beast (D:7)
  A sky beast (D:5)
  15 orc warriors
  14 black bears
  3 great orb of eyes simulacra (IceCv)
  7 swamp drakes (Swamp:4)
  11 ogres
  A boggart (Vaults:1)
  14 centaurs
  36 wolves
  A nameless horror (Vaults:3)
  4 phantoms
  5 kobold brigands
  2 earth elementals
  12 bullfrogs
  A gnoll sergeant (D:11)
  A necrophage (Swamp:2)
  A glowing shapeshifter simulacrum (IceCv)
  3 scorpions
  4 wights
  10 killer bees
  5 howler monkeys
  2 electric eels (Lair:3)
  A bullfrog zombie (D:7)
  6 hounds
  3 jellies
  10 orc priests
  Crazy Yiuf (D:2)
  A gnoll bouda (D:6)
  An iron imp (D:6)
  Jessica (D:2)
  Terence (D:3)
  2 iguanas (D:6)
  Natasha (twice) (D:3)
  39 orc wizards
  3 shapeshifter simulacra (IceCv)
  A howler monkey zombie (D:7)
  11 adders
  4 gnolls (D:11)
  A shadow imp (D:6)
  A white imp (D:7)
  2 dart slugs
  59 orcs
  6 ball pythons
  5 bats
  5 endoplasms
  5 giant cockroaches
  3 goblins
  10 hobgoblins
  4 jackals (D:4)
  17 kobolds
  4 quokkas
  2 frilled lizards
  7 rats
  4 butterflies
  2 foxfires
  A fulminant prism (Lair:5)
1414 creatures vanquished.

Vanquished Creatures (collateral kills)
  Saint Roka (Vaults:3)
  A deep elf master archer (Elf:3)
  A deep elf sorcerer (Elf:3)
  A deep elf elementalist (Elf:3)
  2 war gargoyles
  3 very ugly things (Vaults:3)
  3 ironbound thunderhulks (Vaults:3)
  2 deep elf annihilators (Elf:3)
  2 crystal guardians (Vaults:3)
  2 deep elf death magi (Elf:3)
  A deep elf high priest (Elf:3)
  A peacekeeper (Vaults:3)
  A centaur warrior (Vaults:3)
  A dancing weapon (Elf:3)
  2 deep elf knights
  A deep elf archer (Elf:3)
  A necromancer (Vaults:3)
  A hornet (Swamp:4)
  A spriggan (Swamp:4)
  A black bear (Lair:5)
  A wolf (Lair:5)
  2 foxfires (D:11)
32 creatures vanquished.

Vanquished Creatures (others)
  A bunyip (Swamp:3)
  A swamp dragon (Swamp:3)
  A bog body (Swamp:1)
  A deep elf zephyrmancer (Elf:1)
  A bloated husk (Swamp:1)
  A basilisk (D:15)
  219 foxfires
  491 fulminant prisms
716 creatures vanquished.

Grand Total: 2162 creatures vanquished

Notes
Turn   | Place    | Note
-------+----------+-------------------------------------------
     0 | D:1      | xSliceyx the Djinni Conjurer began the quest for the Orb.
     0 | D:1      | xSliceyx set off with the following spells memorised: Magic
                  | Dart, Searing Ray, Dazzling Flash, Fulminant Prism,
                  | Iskenderun's Mystic Blast.
     0 | D:1      | Reached XP level 1. HP: 15/15 MP: 0/0
    52 | D:1      | Reached XP level 2. HP: 7/21 MP: 0/0
   445 | D:1      | Reached XP level 3. HP: 18/25 MP: 0/0
   445 | D:1      | Learned a level 1 spell: Foxfire
   869 | D:2      | Reached XP level 4. HP: 27/31 MP: 0/0
   871 | D:2      | Noticed Jessica
   874 | D:2      | Killed Jessica
   976 | D:2      | Found a faded altar of an unknown god.
  1321 | D:2      | Found a runed translucent door.
  1322 | D:2      | Noticed Crazy Yiuf
  1669 | D:3      | Reached XP level 5. HP: 32/35 MP: 0/0
  1669 | D:3      | Learned a level 2 spell: Scorch
  1683 | D:3      | Noticed Grinder
  1694 | D:3      | Killed Grinder
  1695 | D:3      | Reached skill level 5 in Spellcasting
  1695 | D:3      | Reached XP level 6. HP: 35/40 MP: 0/0
  1734 | D:3      | Noticed Terence
  1738 | D:3      | Killed Terence
  1909 | D:3      | Noticed Natasha
  1913 | D:3      | Killed Natasha
  1967 | D:3      | Noticed Natasha
  1973 | D:3      | Killed Natasha
  1974 | D:3      | Reached XP level 7. HP: 38/45 MP: 0/0
  1974 | D:3      | Learned a level 2 spell: Wereblood
  2343 | D:4      | Found a staircase to the Ecumenical Temple.
  2353 | Temple   | Entered the Ecumenical Temple
  2425 | D:4      | Found an iron altar of Okawaru.
  2600 | D:4      | Noticed Eustachio
  2614 | D:4      | Killed Eustachio
  2615 | D:4      | Reached skill level 1 in Fighting
  2687 | D:4      | Found Oleusch's Mass Market.
  3006 | D:4      | Reached XP level 8. HP: 44/54 MP: 0/0
  3279 | D:4      | Found a burning altar of Makhleb.
  3284 | D:4      | Became a worshipper of Makhleb the Destroyer
  3490 | D:5      | Entered Level 5 of the Dungeon
  3580 | D:5      | Identified the +4 short sword of Armageddon {antimagic, rF+
                  | Int+5 Stlth+}
  3710 | D:5      | Identified the +0 leather armour of the Gate {+Inv rF+ MP-9
                  | Stlth+}
  3868 | D:5      | Found a stormy altar of Qazlal.
  3882 | D:5      | Reached skill level 5 in Fighting
  4109 | D:5      | Found a glowing golden altar of the Shining One.
  4109 | D:5      | Found a white marble altar of Elyvilon.
  4109 | D:5      | Found a glowing silver altar of Zin.
  4397 | D:2      | Killed Crazy Yiuf
  4636 | D:6      | Reached XP level 9. HP: 62/67 MP: 0/0
  4636 | D:6      | Learned a level 4 spell: Cause Fear
  4781 | D:6      | Found a snail-covered altar of Cheibriados.
  4928 | D:6      | Noticed a troll
  4934 | D:6      | Killed a troll
  4934 | D:6      | Reached * piety under Makhleb
  4997 | D:6      | Reached skill level 1 in Armour
  5797 | D:6      | Reached skill level 5 in Armour
  5798 | D:6      | Reached XP level 10. HP: 23/77 MP: 0/0
  5979 | D:7      | Found a runed translucent gate.
  5979 | D:7      | Found a runed translucent gate.
  5979 | D:7      | Found a runed translucent gate.
  5979 | D:7      | Noticed mkat's ghost (novice AtHu)
  5982 | D:7      | Found a basalt altar of Yredelemnul.
  6111 | D:7      | Found an ornate altar of the Wu Jian Council.
  6285 | D:7      | Found a hazy altar of Hepliaklqana.
  6401 | D:8      | Found a hide-covered altar of Uskayaw.
  6496 | D:8      | Found a large runed translucent door.
  6496 | D:8      | Found a large runed translucent door.
  6613 | D:8      | Noticed a brown ugly thing
  6614 | D:8      | Found a corrupted altar of Lugonu.
  6616 | D:8      | Noticed a cyan ugly thing
  6616 | D:8      | Noticed a kobold demonologist
  7060 | D:8      | Found a sacrificial altar of Ru.
  7250 | D:8      | Found a one-way gate to the infinite horrors of the Abyss.
  7284 | D:8      | Identified the +1 robe of the Elven Halls {-Tele rPois
                  | Str+3}
  7284 | D:8      | Noticed a kobold demonologist
  7347 | D:9      | Reached ** piety under Makhleb
  7806 | D:9      | Reached XP level 11. HP: 78/82 MP: 0/0
  7806 | D:9      | Learned a level 4 spell: Summon Ice Beast
  7820 | D:9      | Reached skill level 10 in Spellcasting
  8478 | D:10     | Entered Level 10 of the Dungeon
  8697 | D:10     | Found an opulent altar of Gozag.
  8870 | D:10     | Identified the +2 pair of gloves of the Equinox {Regen+}
  8955 | D:10     | Noticed a centaur warrior
  8956 | D:10     | Noticed a manticore
  8965 | D:10     | Killed a centaur warrior
  8972 | D:10     | Killed a manticore
  9164 | D:10     | Reached *** piety under Makhleb
  9215 | D:10     | Noticed a death knight
  9215 | D:10     | Noticed an orc knight
  9215 | D:10     | Noticed a catoblepas
  9215 | D:10     | Noticed a cyclops
  9215 | D:10     | Noticed a centaur warrior
  9215 | D:10     | Noticed a centaur warrior
  9215 | D:10     | Noticed a four-headed hydra
  9291 | D:10     | Found a portal to a secret trove of treasure.
  9350 | D:10     | Found a runed translucent door.
  9350 | D:10     | Noticed a skeletal warrior
  9365 | D:10     | Killed a skeletal warrior
  9383 | D:10     | Noticed a wolf spider
  9646 | D:11     | Reached skill level 10 in Fighting
  9671 | D:11     | Noticed a white ugly thing
  9672 | D:11     | Noticed a cyan ugly thing
  9679 | D:11     | Killed a cyan ugly thing
  9680 | D:11     | Reached XP level 12. HP: 50/91 MP: 0/0
  9691 | D:11     | Identified the amulet of Summertime {Faith Harm *Slow rC+
                  | Str+3}
  9730 | D:11     | Found a frozen archway.
  9768 | IceCv    | Entered an ice cave
 10427 | IceCv    | Noticed an azure jelly
 10439 | IceCv    | Killed an azure jelly
 10555 | IceCv    | Noticed an azure jelly
 10569 | IceCv    | Killed an azure jelly
 10990 | IceCv    | Reached **** piety under Makhleb
 11274 | IceCv    | Found a viscous altar of Jiyva.
 11291 | IceCv    | Got the ring of the Teaching Ancients {rF- rC+ Str+4}
 11482 | D:11     | Reached XP level 13. HP: 103/103 MP: 0/0
 11482 | D:11     | Learned a level 5 spell: Arcjolt
 11542 | D:11     | Identified the +9 flail of Action {antimagic, Will+ Dex+3}
 11674 | D:11     | Found a staircase to the Lair.
 12281 | Lair:1   | Entered Level 1 of the Lair of Beasts
 12520 | Lair:1   | Reached skill level 15 in Fighting
 13342 | Lair:2   | Noticed a five-headed hydra
 13354 | Lair:2   | Killed a five-headed hydra
 13694 | Lair:2   | Found a hole to the Spider Nest.
 14140 | Lair:3   | Reached ***** piety under Makhleb
 14191 | Lair:3   | Noticed Nergalle
 14197 | Lair:3   | Killed Nergalle
 14215 | Lair:3   | Noticed Josephine
 14223 | Lair:3   | Killed Josephine
 14224 | Lair:3   | Reached XP level 14. HP: 105/117 MP: 0/0
 14581 | Lair:3   | Noticed Amaemon
 14592 | Lair:3   | Killed Amaemon
 15062 | Lair:3   | Found a staircase to the Swamp.
 15482 | Lair:4   | Found a staircase to the Slime Pits.
 16321 | Lair:4   | Noticed Nessos
 16331 | Lair:4   | Noticed Rupert
 16486 | Lair:5   | Entered Level 5 of the Lair of Beasts
 16814 | Lair:5   | Reached XP level 15. HP: 87/129 MP: 0/0
 16814 | Lair:5   | Learned a level 6 spell: Simulacrum
 16847 | Lair:5   | Reached ****** piety under Makhleb
 17488 | Lair:5   | Reached skill level 5 in Dodging
 17546 | Lair:5   | Identified the +4 ring mail "Mihuh" {-Tele rCorr Dex+4}
 17769 | Lair:4   | Killed Nessos
 17915 | Lair:4   | Killed Rupert
 18215 | D:12     | Found a staircase to the Orcish Mines.
 18222 | Orc:1    | Entered Level 1 of the Orcish Mines
 18222 | Orc:1    | Noticed Maurice
 18228 | Orc:1    | Killed Maurice
 18420 | Orc:1    | Found a shimmering altar of Xom.
 18576 | Orc:1    | Noticed Erica
 18585 | Orc:1    | Killed Erica
 18875 | Orc:2    | Entered Level 2 of the Orcish Mines
 18925 | Orc:2    | Found Qukhami's Jewellery Shoppe.
 18998 | Orc:2    | Bought the amulet of Irrepressible Laughter {Regen+ rCorr
                  | Stlth+} for 771 gold pieces
 19137 | Orc:2    | Noticed Jorgrun
 19152 | Orc:2    | Killed Jorgrun
 19246 | Orc:2    | Found Vurul's Jewellery Boutique.
 19256 | Orc:2    | Bought the ring "Wodwoap" {Wiz rPois rF+ Will+ Dex+3} for
                  | 1021 gold pieces
 19263 | Orc:2    | Found Meatakk's Weapon Shoppe.
 19292 | Orc:2    | Bought the +0 short sword "Abbuphunea" {speed, Contam rC++
                  | Int+4} for 508 gold pieces
 19813 | D:10     | Reached skill level 10 in Dodging
 20102 | Orc:2    | Noticed Snorg
 20114 | Orc:2    | Killed Snorg
 20115 | Orc:2    | Reached XP level 16. HP: 91/137 MP: 0/0
 20240 | Orc:2    | Found a staircase to the Elven Halls.
 20317 | Orc:2    | Found Coataum's Assorted Antiques.
 20317 | Orc:2    | Found Linibe's Magic Scroll Boutique.
 20332 | Orc:2    | Bought a scroll of teleportation for 48 gold pieces
 20341 | Orc:2    | Bought a scroll of blinking for 232 gold pieces
 20341 | Orc:2    | Bought a scroll of enchant armour for 232 gold pieces
 20702 | D:12     | Found Zacluipt's Antique Armour Shoppe.
 20715 | D:12     | Bought a glowing helmet for 180 gold pieces
 21574 | D:13     | Found a runed translucent gate.
 21574 | D:13     | Found a runed translucent gate.
 21574 | D:13     | Found a runed translucent gate.
 21575 | D:13     | Noticed jtron's ghost (journeyman DsWn)
 21864 | D:14     | Found a gate to the Vaults.
 22958 | D:15     | Entered Level 15 of the Dungeon
 23232 | D:15     | Found a staircase to the Depths.
 23468 | D:15     | Found Kuqaasox's Pet Rocks.
 24121 | D:10     | Reached XP level 17. HP: 143/143 MP: 0/0
 24121 | D:10     | Learned a level 6 spell: Eringya's Noxious Bog
 24155 | D:10     | Identified the +3 bardiche "Ukkon" {heavy, Drain Will+
                  | Str+7 Int+2}
 24538 | D:7      | Killed mkat's ghost
 24857 | Spider:1 | Entered Level 1 of the Spider Nest
 24946 | Spider:1 | Noticed Asterion
 24955 | Spider:1 | Noticed an Executioner
 24956 | Spider:1 | Killed Asterion
 25835 | Spider:1 | Noticed Roxanne
 25858 | Spider:1 | Killed Roxanne
 26136 | Spider:2 | Noticed Arachne
 26148 | Spider:2 | Killed Arachne
 27579 | Spider:3 | Reached XP level 18. HP: 149/149 MP: 0/0
 27700 | Spider:3 | Noticed Bai Suzhen
 27740 | Spider:3 | Killed Bai Suzhen
 27908 | Spider:3 | Reached skill level 15 in Spellcasting
 27908 | Spider:3 | Reached skill level 1 in Shields
 28141 | Spider:3 | Found a hide-covered altar of Uskayaw.
 28461 | Spider:4 | Entered Level 4 of the Spider Nest
 28523 | Spider:4 | Reached skill level 5 in Shields
 29561 | Spider:4 | Noticed Aizul
 29582 | Spider:4 | Killed Aizul
 29733 | Spider:4 | Got a gossamer rune of Zot
 29764 | Spider:4 | Reached skill level 10 in Shields
 30065 | Swamp:1  | Entered Level 1 of the Swamp
 30065 | Swamp:1  | Found a hide-covered altar of Uskayaw.
 30083 | Swamp:1  | Reached XP level 19. HP: 97/156 MP: 0/0
 30083 | Swamp:1  | Learned a level 7 spell: Haunt
 31331 | D:10     | You paid a toll of 13 scrolls of teleportation to enter a
                  | treasure trove
 31332 | Trove    | Entered a treasure trove
 31441 | Trove    | Identified the ring of the Firefly {Wiz Str+3 Slay+3}
 31449 | Trove    | Identified the +2 plate armour of Temperance {Rampage rPois
                  | Will+ Slay-2}
 31458 | Trove    | Identified the amulet of Taag Zut {Regen+ Str+3}
 31462 | Trove    | Identified the ring "Zommi" {rF+ Will+ Str+6}
 31467 | Trove    | Identified the +2 leather armour "Kure" {rPois Int+2 Dex+7}
 31942 | Swamp:3  | Identified the +0 scale mail "Forget-Me-Not" {rElec rPois
                  | rF+ rC-}
 32050 | Swamp:3  | Identified the staff of conjuration "Roinuz" {Int+3}
 32692 | Swamp:4  | Entered Level 4 of the Swamp
 32719 | Swamp:4  | Identified the +8 flail of Agony {venom, Str+4 Int+2}
 32787 | Swamp:4  | Noticed the 27-headed Lernaean hydra
 32808 | Swamp:4  | Killed the 27-headed Lernaean hydra
 32840 | Swamp:4  | Identified the +3 chain mail "Etemutra" {rN+ Int+4}
 32920 | Swamp:4  | Got a decaying rune of Zot
 33347 | Swamp:4  | Reached skill level 10 in Armour
 33422 | Swamp:4  | Reached XP level 20. HP: 138/166 MP: 0/0
 33989 | Elf:1    | Entered Level 1 of the Elven Halls
 34369 | Elf:1    | Identified the +1 pair of gloves of Kuwnurukki {rElec Will-
                  | Int+5}
 34411 | Elf:1    | Found Roage's General Store.
 34463 | Elf:1    | Found Uppeto's Distillery.
 34476 | Elf:1    | Bought a potion of heal wounds for 75 gold pieces
 34476 | Elf:1    | Bought 2 potions of might for 120 gold pieces
 34476 | Elf:1    | Bought a potion of curing for 45 gold pieces
 34476 | Elf:1    | Bought a potion of curing for 45 gold pieces
 34476 | Elf:1    | Bought a potion of mutation for 120 gold pieces
 35180 | Elf:2    | Found a runed translucent gate.
 35180 | Elf:2    | Found a runed translucent gate.
 35180 | Elf:2    | Found a runed translucent gate.
 35503 | Elf:2    | Noticed Agnes
 35515 | Elf:2    | Killed Agnes
 35890 | Elf:3    | Entered Level 3 of the Elven Halls
 36491 | Elf:3    | Reached XP level 21. HP: 172/172 MP: 0/0
 36491 | Elf:3    | Learned a level 7 spell: Summon Hydra
 36532 | Elf:3    | Identified the +7 war axe of the Hidden Vale {freeze, Fly}
 36581 | Elf:3    | Noticed a Tzitzimitl
 36761 | Elf:3    | Identified the +5 scale mail of the Snake Pit {Slay+5}
 36853 | Elf:3    | Found Lussany's Weapon Shop.
 36911 | Elf:3    | Identified the +0 ring mail of Distant Worlds {Stlth+}
 36911 | Elf:3    | Identified the ring "Lam Pod" {Wiz Dex+4}
 37028 | Elf:3    | Identified the amulet "Gimep" {Spirit rN+}
 37097 | Elf:3    | Identified the staff of fire "Geplesk" {Fragile rF+ rC+++
                  | rCorr Int-2}
 37102 | Elf:3    | Identified the staff of conjuration "Qehevval" {rF+ Will+
                  | SInv}
 37103 | Elf:3    | Identified the staff of conjuration "Rutoreopt" {Int+2}
 37120 | Elf:3    | Identified the staff of conjuration "Umuo" {rN+}
 37558 | Vaults:1 | Entered Level 1 of the Vaults
 38434 | Vaults:1 | Found a large runed translucent door.
 38435 | Vaults:1 | Found a large runed translucent door.
 38436 | Vaults:1 | Noticed TuffENuff's ghost (veteran FoFi)
 39247 | Vaults:2 | Reached XP level 22. HP: 178/178 MP: 0/0
 39579 | Vaults:2 | Found Maruneadgh's Book Shop.
 40022 | Vaults:2 | Found a staircase to the Crypt.
 41462 | Vaults:3 | Noticed Saint Roka
 41478 | Vaults:3 | Killed Saint Roka
 41596 | Vaults:3 | Identified the +8 plate armour "Diffotac" {rN+ MP+9 Stlth+}
 41798 | Vaults:3 | Noticed Sojobo
 41809 | Vaults:3 | Reached XP level 23. HP: 158/184 MP: 0/0
 41809 | Vaults:3 | Learned a level 7 spell: Storm Form
 41812 | Vaults:3 | Killed Sojobo
 42033 | Vaults:3 | Noticed Xtahua
 42046 | Vaults:3 | Killed Xtahua
 42161 | Vaults:3 | Slain by a vault warden

Illustrated notes

Levels and vault maps discovered:
D:1:      evilmike_arrival_crescent, layout_basic
D:2:      layout_rooms, hellmonk_ecumenical_altar_pennies_from_heaven,
          kennysheep_jessica_study, uniq_crazy_yiuf_cottage
D:3:      layout_rooms, serial_aquarium, aquarium_bridge_square
          [aquarium_subvault_window, aquarium_subvault_window,
          aquarium_subvault_bridge, aquarium_subvault_bridge],
          aquarium_window_2, aquarium_window_corner, aquarium_window_corridor_3,
          aquarium_window_1, aquarium_view_2a, aquarium_view_2e, uniq_natasha,
          uniq_grinder, uniq_terence
D:4:      layout_basic, lightli_temple_of_fire, okawaru_gym_becter,
          minmay_temple_entry_grid, minmay_shop_mass, uniq_eustachio
D:5:      layout_loops_cross, good_gods_mini_temple,
          nicolae_qazlal_beasts_of_the_sky
D:6:      minmay_polygon_palace, layout_basic, slow_altar_2,
          amcnicky_altar_gilded, minmay_misc_feat_pillars,
          kennysheep_generic_room_5
D:7:      layout_rooms, pdpol_wu_jian_five_deadly_venoms,
          nicolae_yredelemnul_ghost_church, overflow_temple_1_default,
          mainiacjoe_overflow_brackets, minmay_gold_behind_fungi
D:8:      due_chaos_kobolds, layout_loops_corners,
          nicolae_ru_the_path_less_chosen, mainiacjoe_overflow_24_doors
D:9:      minmay_goldmine, layout_irregular_city, grunt_ministairs_6,
          nrook_uturn, chequers_serial_rivers_micro_a,
          hangedman_decor_peaks_small, st_stairs_3
D:10:     minmay_the_grid_triangle_9x9_rhombus_thin
          [minmay_the_grid_triangle_9x9_descending_squares,
          minmay_the_grid_triangle_9x9_prize_top_heavy,
          minmay_the_grid_triangle_9x9_warning,
          minmay_the_grid_triangle_9x9_corrupted_corridor], layout_loops_cross,
          grunt_gozag_statues, lemuel_crystal_altar,
          nicolae_trove_entry_crystal, minivault_13
D:11:     layout_gridville, grunt_lair_entry_orc_guard_hut, portal_ice_cave_rime
D:12:     layout_basic, orc_0_dummy, serial_shops, nicolae_shop_trees,
          minivault_1
D:13:     layout_irregular_city, ebering_ghost_rock_garden
D:14:     cheibrodos_statue_roulette, layout_long_grid, david_vaults_2,
          wad_floor_pattern_untrapped
D:15:     gammafunk_enter_depths_forms, layout_rooms, skrybe_limestone_x,
          guppyfry_shop_earth
Temple:   nicolae_temple_ecumenical_triangle
Lair:1:   layout_long_grid
Lair:2:   layout_long_grid, spider_nest_entry_a, minmay_lair_oklob_bushes,
          lemuel_fruit_fields
Lair:3:   layout_layer_cave, minmay_swamp_entry_worms, lemuel_fruit_fields,
          infiniplex_staircase_pool, grunt_megastairs_2, lemuel_fruit_tree,
          uniq_nergalle, uniq_josephine, uniq_amaemon
Lair:4:   layout_cave_pods, slime_entry_1, uniq_rupert, uniq_nessos
Lair:5:   hangedman_lair_caniforms_friends, layout_big_grid,
          chequers_serial_rivers_micro_e, infiniplex_staircase_pool_2
Swamp:1:  layout_falls_marsh, basic_altar
Swamp:2:  layout_basic_swamp, evilmike_swamp_ruin_house_4
Swamp:3:  nzn_winding_woodlands_three_and_one [nzn_winding_woodlands_5x15_eye,
          nzn_winding_woodlands_5x15_pockets,
          nzn_winding_woodlands_5x15_split_checker,
          nzn_winding_woodlands_center_diamonds], layout_falls_marsh,
          nicolae_swamp_tree_designs
Swamp:4:  swamp, layout_basic_swamp
Spider:1: layout_chambers, hangedman_spider_tarantella_strand, uniq_asterion,
          uniq_roxanne
Spider:2: layout_cave_pods, uniq_arachne
Spider:3: layout_spider_delve, nicolae_spider_altar_of_dancing, uniq_bai_suzhen
Spider:4: hellmonk_spider_rune_endless_swarm, spiders_nest_ghost_moth_duel,
          uniq_aizul
Orc:1:    layout_caves, basic_altar, nicolae_orc_pool_cavern,
          hellmonk_bongcloud_opening, uniq_maurice, uniq_erica
Orc:2:    st_orc_town, layout_diamond_mine, serial_shops, nicolae_diamond_shop,
          uniq_snorg, uniq_jorgrun
Elf:1:    elf_arrival_002, layout_rooms, kennysheep_underground_church,
          minmay_shoptagon
Elf:2:    elven_hall_of_blades_hangedman_original
          [infiniplex_blade_entry_pillars], layout_geoelf_octagon, minivault_19,
          drop_trap, uniq_agnes
Elf:3:    minmay_elf_hall_statues, layout_loops_cross, serial_shops,
          nicolae_square_shop
Vaults:1: ebering_ghost_disaster_area, st_more_cells,
          ontoclasm_vaults_ring_square, ontoclasm_vaults_bender,
          nicolae_vaults_storage_closets_1, nicolae_vaults_network_star,
          nicolae_vaults_closet_pinwheel_6, grunt_vaults_hallway_long,
          vaults_standard_mumra_x, dpeg_vaults_monster_row,
          nicolae_vaults_little_squares_1, layout_vaults_chaotic_city
Vaults:2: nicolae_vaults_what_the_h, ontoclasm_vaults_eye,
          nicolae_vaults_door_testing_chamber, hangedman_vaults_variations,
          nicolae_vaults_network_quinsquares
          [nicolae_vaults_network_quincunx_subvault,
          nicolae_vaults_network_quincunx_subvault,
          nicolae_vaults_network_quincunx_subvault,
          nicolae_vaults_network_quincunx_subvault], nicolae_vaults_alarming,
          nicolae_vaults_trapezoid_2, ontoclasm_vaults_shuriken,
          nicolae_vaults_trapezoid_lopsided_3, nicolae_vaults_diamond_1,
          layout_vaults_omnigrid, minmay_crypt_entry_simple_box, serial_shops,
          nicolae_shop_tiny_statue_garden, uniq_margery
Vaults:3: hangedman_vaults_trim, vaults_mumra_lcd, vaults_room_octagon,
          nicolae_vaults_house_2, nicolae_vaults_shipping_containers_2,
          vaults_room_hallway, v_rooms_1, nicolae_vaults_weapon_check,
          vaults_dpeg_cross, v_misc_1, v_misc_9,
          nicolae_vaults_trapezoid_lopsided_3, ontoclasm_vaults_claustrophobia,
          vaults_dpeg_encased_lava, nicolae_vaults_more_shelving_1,
          layout_vaults_ring, uniq_saint_roka, uniq_sojobo, uniq_xtahua

Skill      XL: |  1  2  3  4  5  6  7  8  9 10 11 12 13 14 15 16 17 18 19 20 21 22 23 |
---------------+----------------------------------------------------------------------+-----
Spellcasting   | 4 5 6 7 9 11 12 14 15 17 19 20 21 | 21.1
Fighting       | 2 6 8 10 13 16 19 20 21 | 21.4
Armour         | 5 6 7 8 10 | 10.1
Dodging        | 10 14 | 14.1
Shields        | 10 11 | 11.6
Stealth        | |  1.5

Action                     |  1- 3 |  4- 6 |  7- 9 | 10-12 | 13-15 | 16-18 | 19-21 | 22-24 || total
---------------------------+-------+-------+-------+-------+-------+-------+-------+-------++-------
  Melee: Whip              |     4 |       |       |       |       |       |       |       ||     4
         Mace              |       |     8 |     1 |       |       |       |       |       ||     9
         Dagger            |       |       |     4 |     1 |       |       |       |       ||     5
         Trident           |       |       |       |       |     3 |       |       |       ||     3
         Demon whip        |       |       |       |       |    47 |       |       |       ||    47
         Short sword       |       |       |       |       |    12 |    57 |     5 |       ||    74
         Punch             |       |       |       |       |     4 |       |       |       ||     4
         Staff             |       |       |       |       |       |       |     7 |    15 ||    22
         Unarmed           |       |       |       |       |       |       |       |    11 ||    11
  Throw: Dart              |       |       |       |       |       |     1 |       |       ||     1
   Cast: Magic Dart        |    55 |    46 |   108 |    55 |   108 |   178 |   163 |    24 ||   737
         Searing Ray       |     2 |     2 |    17 |    61 |    30 |     6 |     7 |     3 ||   128
         Foxfire           |       |    13 |    25 |    46 |    28 |    12 |       |       ||   124
         Scorch            |       |     4 |     3 |    22 |     3 |       |     5 |       ||    37
         Iskenderun's Myst |       |       |    21 |    65 |    87 |   204 |   128 |    18 ||   523
         Fulminant Prism   |       |       |     7 |    63 |   204 |   138 |    59 |    21 ||   492
         Dazzling Flash    |       |       |       |     3 |     3 |    13 |       |       ||    19
         Summon Ice Beast  |       |       |       |     1 |     2 |       |     1 |     1 ||     5
         Cause Fear        |       |       |       |     2 |       |     1 |       |       ||     3
         Arcjolt           |       |       |       |       |   198 |   337 |   446 |   187 ||  1168
         Simulacrum        |       |       |       |       |     1 |       |     8 |       ||     9
         Eringya's Noxious |       |       |       |       |       |     3 |     5 |     4 ||    12
         Haunt             |       |       |       |       |       |       |    13 |     2 ||    15
         Summon Hydra      |       |       |       |       |       |       |     8 |    22 ||    30
         Storm Form        |       |       |       |       |       |       |       |     2 ||     2
Ability: Blinkbolt         |       |       |       |       |       |       |       |     1 ||     1
    Use: Scroll            |       |       |     5 |    14 |    18 |     6 |     8 |     2 ||    53
         Potion            |       |       |       |     1 |     2 |     3 |     2 |     2 ||    10
   Stab: Invisible         |       |       |       |       |     1 |       |       |       ||     1
         Distracted        |       |       |       |       |       |       |       |     1 ||     1
 Armour: Robe              |     3 |     2 |     8 |     5 |       |       |       |       ||    18
         Troll leather arm |       |       |     3 |    20 |   104 |   202 |   140 |    43 ||   512
         Skin              |       |       |       |       |       |       |       |     6 ||     6
  Dodge: Dodged            |     6 |     6 |    29 |    55 |   178 |   493 |   367 |   170 ||  1304
         Repelled          |       |       |       |       |       |       |    23 |     3 ||    26
  Block: Other             |       |       |       |       |    32 |       |       |       ||    32
         Reflection        |       |       |       |       |     3 |       |    12 |    10 ||    25
         Buckler           |       |       |       |       |       |       |   174 |   100 ||   274
